 Dungeon Crawl Stone Soup version 0.29.1-2-gbd0b4ee654 (webtiles) character file.

Game seed: 11434254900083972385

2634 Icepheonix32 the Protected (level 9, -1/81 HPs)
             Began as a Minotaur Fighter on Nov 2, 2022.
             Slain by an orc warrior
             ... wielding a +0 scimitar
              (15 damage)
             ... on level 8 of the Dungeon.
             The game lasted 00:06:56 (6452 turns).

Icepheonix32 the Protected (Minotaur Fighter)       Turns: 6452, Time: 00:06:57

Health: -1/81      AC: 11    Str: 28    XL:     9   Next: 35%
Magic:  8/8        EV: 12    Int:  7    God:
Gold:   241        SH: 10    Dex: 11    Spells: 8/8 levels left

rFire   . . .      SeeInvis .   z - +5 dagger (venom)
rCold   . . .      Faith    .   c - +0 buckler
rNeg    . . .      Spirit   .   N - +0 steam dragon scales
rPois   +          Reflect  +   K - +2 hat
rElec   .          Harm     .   G - +0 cloak {rPois}
rCorr   +          Rampage  .   g - +0 pair of gloves
Will    .....                   (no boots)
Stlth   ++........              C - amulet of reflection
HPRegen 0.23/turn               e - +6 ring of strength
MPRegen 0.11/turn               F - ring of resist corrosion

@: mighty
A: horns 2, retaliatory headbutt
a: no special abilities


You were on level 8 of the Dungeon.
You visited 2 branches of the dungeon, and saw 9 of its levels.

You collected 241 gold pieces.

Inventory:

Hand Weapons
 h - a +2 short sword
 o - a +1 vorpal hammer
 s - a +2 vorpal sling
 z - a +5 dagger of venom (weapon)
 A - a +3 dagger
Missiles
 M - 3 boomerangs (quivered)
Armour
 b - a +0 scale mail
 c - a +0 buckler (worn)
 g - a +0 pair of gloves (worn)
 G - a +0 cloak of poison resistance (worn)
 I - a +2 cloak
 K - a +2 hat (worn)
 N - +0 steam dragon scales (worn)
Jewellery
 e - a +6 ring of strength (left hand)
 p - an amulet of the acrobat
 C - an amulet of reflection (around neck)
 F - a ring of resist corrosion (right hand)
 P - a ring of wizardry
Wands
 w - a wand of paralysis (5)
 D - a wand of roots (13)
 J - a wand of polymorph (8)
Scrolls
 a - 2 scrolls of enchant armour {unknown}
 i - 2 scrolls of teleportation {unknown}
 j - 2 scrolls of immolation {unknown}
 l - 2 scrolls of noise {unknown}
 n - a scroll of fog {unknown}
 u - 2 scrolls of blinking {unknown}
 v - 5 scrolls of identify {unknown}
 y - a scroll of torment {unknown}
 B - a scroll of vulnerability {unknown}
 E - a scroll of magic mapping {unknown}
 H - a scroll of amnesia {unknown}
 O - a scroll of silence {unknown}
Potions
 d - a potion of might
 f - 2 potions of ambrosia
 k - a potion of brilliance {unknown}
 m - 3 potions of heal wounds {unknown}
 q - 2 potions of attraction {unknown}
 r - 4 potions of curing
 t - 2 potions of mutation {unknown}
 x - a potion of lignification {unknown}
 L - a potion of magic {unknown}


   Skills:
 * Level 8.0 Fighting
 + Level 5.8 Short Blades
 - Level 2.6(3.3) Axes
 + Level 3.0(3.5) Maces & Flails
 + Level 1.3 Throwing
 + Level 8.0 Armour
 + Level 3.8 Dodging
 + Level 1.8 Stealth
 + Level 7.6 Shields


You had 8 spell levels left.
You didn't know any spells.
Your spell library contained the following spells:

 Spells                   Type           Power      Damage    Failure   Level
 Sting                    Tmut/Pois      0%         1d3       50%         1
 Blink                    Tloc           0%         N/A       65%         2
 Poisonous Vapours        Pois/Air       0%         N/A       65%         2
 Dazzling Flash           Conj/Hex       0%         N/A       86%         3
 Lesser Beckoning         Tloc           0%         N/A       86%         3
 Anguish                  Hex/Necr       0%         N/A       99%         4
 Olgreb's Toxic Radiance  Pois           0%         N/A       99%         4
 Agony                    Necr           0%         N/A       100%        5
 Manifold Assault         Tloc           0%         N/A       100%        5
 Silence                  Hex/Air        0%         N/A       100%        5
 Enfeeble                 Hex            0%         N/A       100%        7


Dungeon Overview and Level Annotations

Branches:
Dungeon (8/15)             Temple (1/1) D:6
   Lair: D:8-11

Altars:
Ashenzari
Cheibriados
Elyvilon
Fedhas
Gozag
Hepliaklqana
Kikubaaqudgha
Nemelex Xobeh
Qazlal
Ru
Sif Muna
Uskayaw
Vehumet
Wu Jian
Xom
Yredelemnul
Zin
The Shining One

Shops:
D:2 (

Annotations:
D:5 1 runed translucent door, Ascent's ghost, novice OgFi
D:7 2 transporters, Nerdsrcool's ghost, novice OpBr


Innate Abilities, Weirdness & Mutations

You have a pair of horns on your head.
You reflexively headbutt those who attack you in melee.


Message History

You kill the orc!
Grum hits you but does no damage.
Items here: ) [ ††††.
You puncture Grum!
Grum is poisoned.
Grum is moderately wounded.
You block Grum's attack.
You puncture Grum!
Grum looks as sick as possible!
Grum is heavily wounded.
You block Grum's attack.
You puncture Grum!
Grum looks as sick as possible!
Grum is almost dead.
You block Grum's attack.
You puncture Grum!
You kill Grum!
Your Fighting skill increases to level 8!
Unknown command.
Things that are here:
a -2 spear; a +0 animal skin
Items here: ) [ ††††.
Okay, then.
Things that are here:
a +0 dagger; a +0 robe
Items here: ))) [ †.
You now have 241 gold pieces (gained 8).
Found 5 stones.
An orc warrior comes into view. It is wielding a +0 scimitar.
The orc warrior shouts!
A manticore comes into view.
You are too injured to fight recklessly!
Unknown command.
You puncture the manticore! You headbutt the manticore!
The manticore is moderately wounded.
The manticore bites you!!
* * * LOW HITPOINT WARNING * * *
The manticore claws you!
* * * LOW HITPOINT WARNING * * *
The manticore misses you.
You feel better.
The orc warrior hits you with a +0 scimitar!
You die...

. . ##### . .. #...# ###
.. ... #...# ..# ..
....###...#########.#...
................#<#.#...
...........#....))).....
......H@.##........)..##
...(..o.#.#...........#
......##.#............#
#....# #.............#
.#### #.............#
#.............##
...............
...##.#####


You could see a manticore and an orc warrior.

Vanquished Creatures
  Prince Ribbit (D:8)
  A steam dragon (D:7)
  Grum (D:8)
  A water moccasin (D:7)
  An orc warrior (D:8)
  3 sky beasts
  A black bear (D:6)
  An ogre (D:5)
  4 wolves (D:8)
  Blork the orc (D:6)
  A bullfrog (D:6)
  3 scorpions
  3 wights
  3 howler monkeys
  A vampire bat (D:3)
  3 hounds
  2 jellies
  An orc priest (D:7)
  Crazy Yiuf (D:2)
  5 iguanas
  3 orc wizards
  4 adders
  A white imp (D:6)
  3 worms
  2 dart slugs
  18 orcs
  8 bats
  4 endoplasms
  12 giant cockroaches
  4 hobgoblins
  3 jackals (D:4)
  4 quokkas
  10 ball pythons
  4 frilled lizards
  8 goblins
  4 kobolds
  6 rats
136 creatures vanquished.

Vanquished Creatures (others)
  A human (D:4)
  A plant (D:3)
2 creatures vanquished.

Grand Total: 138 creatures vanquished

Notes
Turn   | Place    | Note
-------+----------+-------------------------------------------
     0 | D:1      | Icepheonix32 the Minotaur Fighter began the quest for the
                  | Orb.
     0 | D:1      | Reached XP level 1. HP: 19/19 MP: 0/0
   413 | D:1      | Reached XP level 2. HP: 27/27 MP: 1/1
  1086 | D:2      | Reached XP level 3. HP: 33/33 MP: 2/2
  1111 | D:2      | Found Efirely's Weapon Emporium.
  1191 | D:2      | Found a runed translucent door.
  1192 | D:2      | Noticed Crazy Yiuf
  1702 | D:3      | Reached skill level 1 in Maces & Flails
  1705 | D:3      | Reached XP level 4. HP: 41/41 MP: 3/3
  1713 | D:3      | You fall into a shaft and drop 2 floors!
  1713 | D:5      | Entered Level 5 of the Dungeon
  1792 | D:5      | Reached skill level 1 in Dodging
  1795 | D:5      | Reached XP level 5. HP: 45/47 MP: 4/4
  1862 | D:4      | Reached skill level 5 in Fighting
  1910 | D:4      | Reached skill level 5 in Armour
  1910 | D:4      | Reached skill level 5 in Shields
  2030 | D:3      | Reached XP level 6. HP: 56/56 MP: 5/5
  2188 | D:3      | Found a shimmering blue altar of Sif Muna.
  2446 | D:2      | Killed Crazy Yiuf
  2970 | D:4      | Reached skill level 1 in Short Blades
  2978 | D:4      | Reached XP level 7. HP: 43/60 MP: 6/6
  3143 | D:4      | Found an ancient bone altar of Kikubaaqudgha.
  3218 | D:4      | Noticed a human
  3219 | D:4      | Killed a human
  3580 | D:5      | Found a runed translucent door.
  3979 | D:5      | Noticed Ascent's ghost (novice OgFi)
  4162 | D:6      | Noticed Blork the orc
  4170 | D:6      | Killed Blork the orc
  4366 | D:6      | Reached XP level 8. HP: 63/71 MP: 7/7
  4467 | D:6      | Found a staircase to the Ecumenical Temple.
  4477 | Temple   | Entered the Ecumenical Temple
  5214 | D:6      | Found a glowing golden altar of the Shining One.
  5214 | D:6      | Found an ornate altar of the Wu Jian Council.
  5220 | D:6      | Reached skill level 1 in Stealth
  5530 | D:7      | Found a transporter.
  5530 | D:7      | Noticed Nerdsrcool's ghost (novice OpBr)
  5866 | D:7      | Found a transporter.
  6396 | D:8      | Noticed Prince Ribbit
  6400 | D:8      | Noticed Grum
  6406 | D:8      | Reached skill level 5 in Short Blades
  6409 | D:8      | Reached skill level 1 in Throwing
  6409 | D:8      | Reached XP level 9. HP: 69/79 MP: 8/8
  6428 | D:8      | Killed Prince Ribbit
  6434 | D:8      | Killed Grum
  6448 | D:8      | Noticed a manticore
  6451 | D:8      | HP: 3/81 [manticore (8)]
  6452 | D:8      | Slain by an orc warrior

Illustrated notes

Levels and vault maps discovered:
D:1:      eino_arrival_tree_alley, layout_loops_corners
D:2:      layout_rooms, serial_shops, nicolae_shop_advertising_works
          [nicolae_subvault_shop_adworks], uniq_crazy_yiuf_cottage
D:3:      minmay_roachtagon, layout_rooms, lemuel_crystal_altar,
          serial_bayou_pond_b, amcnicky_mini_corridor_feature, roderic_batcave
D:4:      layout_cave_pools, tgw_kikubaaqudgha, minmay_liquid_box
D:5:      layout_loops_ring, ebering_ghost_sewer_d
D:6:      layout_loops_ring, gammafunk_temple_overflow_pools,
          lemuel_temple_firewalk_a, grunt_decor_one_mirror, uniq_blork_the_orc
D:7:      layout_basic, gammafunk_ghost_arena, mrwooster_statue_mirror
D:8:      layout_basic, enter_bailey_4, minmay_misc_feat_secret_circle,
          uniq_prince_ribbit1, uniq_grum
Temple:   jpeg_temple_clearing

Skill      XL: |  1  2  3  4  5  6  7  8  9 |
---------------+----------------------------+-----
Shields        | 4 5 6 7 |  7.6
Fighting       | 4 5 6 7 8 |  8.0
Armour         | 4 5 6 7 8 |  8.0
Maces & Flails | 1 2 3 |  3.0
Dodging        | 1 2 3 |  3.8
Short Blades   | 1 3 5 |  5.8
Stealth        | 1 |  1.8
Throwing       | 1 |  1.3
Axes           | |  2.6

Action                   |  1- 3 |  4- 6 |  7- 9 || total
-------------------------+-------+-------+-------++-------
Melee: War axe           |    54 |       |       ||    54
       Headbutt          |     7 |    17 |    27 ||    51
       Mace              |    29 |    21 |       ||    50
       Dagger            |       |    96 |   168 ||   264
Throw: Boomerang         |       |       |     6 ||     6
  Use: Potion            |       |       |     4 ||     4
Armor: Scale mail        |    31 |    45 |    43 ||   119
       Steam dragon scal |       |       |    24 ||    24
Dodge: Dodged            |    52 |    59 |    53 ||   164
Block: Buckler           |    25 |    56 |    76 ||   157
